[Event "December 12 Early 2023"]
[Site "https://www.chess.com"]
[Date "2023.12.12"]
[Round "2"]
[White "Pakleza, Zbigniew"]
[Black "Dyulgerov, Volen"]
[Result "1-0"]
[Board "108"]
[TimeControl "180+1"]
[WhiteFideId "1119290"]
[BlackFideId "2918978"]
[WhiteElo "2687"]
[BlackElo "2412"]
[WhiteTeam "POL"]
[BlackTeam "BUL"]
[WhiteClock "0:00:09"]
[BlackClock "0:00:00"]

1. d4 d5 2. Bf4 Nf6 3. e3 e6 4. Nd2 Bd6 5. Bg3 h5 6. Ngf3 h4 7. Bxh4 c5 8. c3 Nc6 9. Be2 e5 10. dxe5 Nxe5 11. Bg5 Bf5 12. Nxe5 Bxe5 13. Nf3 Bd6 14. Bxf6 Qxf6 15. Qxd5 O-O-O 16. O-O-O Kb8 17. Qb3 c4 18. Bxc4 Rc8 19. Nd4 Bg6 20. Bd5 Rc7 21. Nb5 Rhc8 22. Nxc7 Rxc7 23. Rd2 Qf5 24. e4 Qg5 25. g3 a5 26. f4 Qg4 27. a4 Qf3 28. Re1 Bb4 29. e5 Rxc3+ 30. bxc3 Ba3+ 31. Qxa3 Qf2 32. Qd6+ Ka7 33. Rxf2 1-0

[Event "December 12 Early 2023"]
[Site "https://www.chess.com"]
[Date "2023.12.12"]
[Round "2"]
[White "Schnaider, Ilan"]
[Black "Bazilius, Augustinas"]
[Result "1-0"]
[Board "109"]
[TimeControl "180+1"]
[WhiteFideId "169013"]
[BlackFideId "12832251"]
[WhiteElo "2675"]
[BlackElo "2407"]
[WhiteTeam "ARG"]
[BlackTeam "LTU"]
[WhiteClock "0:00:05"]
[BlackClock "0:00:00"]

1. d4 Nf6 2. c4 g6 3. g3 Bg7 4. Bg2 d6 5. Nc3 O-O 6. Nf3 Nc6 7. O-O e5 8. dxe5 Nxe5 9. Nxe5 dxe5 10. Qxd8 Rxd8 11. Bg5 Rd4 12. Rfd1 c6 13. Na4 Be6 14. b3 Nd7 15. e3 Rxd1+ 16. Rxd1 f6 17. Bh4 g5 18. Bxg5 fxg5 19. Nc3 Nc5 20. b4 Na6 21. b5 Nc5 22. bxc6 bxc6 23. Bxc6 Rc8 24. Nd5 Kf7 25. Bb5 Bg4 26. Rb1 Bf3 27. Nb4 a5 28. Nd5 Ke6 29. Nb6 Rb8 30. Nd7 Rxb5 31. Rxb5 Nxd7 32. Rxa5 Kd6 33. Ra6+ Bc6 34. Ra7 Kc5 35. Rc7 Kb6 36. Rc8 Bf8 37. Re8 Bd6 38. Rh8 Be4 39. h4 gxh4 40. gxh4 Nf6 41. a4 Ka5 42. Rd8 Be7 43. Rc8 Kxa4 44. Rc7 Bd8 45. Rf7 Bg6 46. Rf8 Be7 47. Rc8 Kb4 48. Rc6 Bd8 49. Rd6 Be7 50. Rc6 Bc5 51. Rxf6 Kxc4 52. Rc6 Kd5 53. Rc8 Bd6 54. f3 Ke6 55. Kg2 Kd7 56. Ra8 Be7 57. Ra7+ Ke6 58. Ra6+ Kf7 59. Kg3 Bd3 60. Ra5 1-0

[Event "December 12 Early 2023"]
[Site "https://www.chess.com"]
[Date "2023.12.12"]
[Round "2"]
[White "Zivic, Dragan"]
[Black "Vishnu Prasanna. V"]
[Result "0-1"]
[Board "110"]
[TimeControl "180+1"]
[WhiteFideId "904740"]
[BlackFideId "5030692"]
[WhiteElo "2397"]
[BlackElo "2669"]
[WhiteTeam "SRB"]
[BlackTeam "IND"]
[WhiteClock "0:00:35"]
[BlackClock "0:02:09"]

1. c4 Nf6 2. Nc3 e6 3. Nf3 d5 4. cxd5 exd5 5. d4 c6 6. Bg5 Be7 7. Qc2 O-O 8. e3 Nbd7 9. Bd3 Re8 10. h3 Nf8 11. O-O-O Be6 12. g4 Rc8 13. Kb1 a6 14. Ne5 c5 15. dxc5 Rxc5 16. Bf5 Qc8 17. Qd3 Bxf5 18. gxf5 Ne4 19. Bxe7 Rxe7 20. Qd4 Rxc3 21. bxc3 Qxf5 0-1

[Event "December 12 Early 2023"]
[Site "https://www.chess.com"]
[Date "2023.12.12"]
[Round "2"]
[White "Matveeva, Olga"]
[Black "Gontcharov, Vladislav"]
[Result "1-0"]
[Board "111"]
[TimeControl "180+1"]
[WhiteFideId "24107018"]
[BlackFideId "4123492"]
[WhiteElo "2391"]
[BlackElo "2664"]
[WhiteTeam "RUS"]
[BlackTeam "RUS"]
[WhiteClock "0:00:25"]
[BlackClock "0:00:00"]

1. d4 Nf6 2. c4 e6 3. g3 d5 4. Nf3 Be7 5. Bg2 a6 6. Qc2 O-O 7. O-O dxc4 8. a4 Nc6 9. Qxc4 Nb4 10. Bf4 Nfd5 11. Nc3 Nxf4 12. gxf4 Nd5 13. e3 c6 14. Ne5 Kh8 15. Kh1 f6 16. Nd3 Bd7 17. Rg1 b5 18. Qb3 Qe8 19. Ne4 Qh5 20. Ndc5 Bxc5 21. Nxc5 Bc8 22. axb5 cxb5 23. Be4 Ra7 24. Rg3 Rc7 25. Rag1 Rd8 26. Bf3 Qe8 27. Be4 f5 28. Bf3 Nf6 29. Rh3 a5 30. Qc2 b4 31. Qe2 Rd6 32. Rh4 a4 33. Ra1 Ra7 34. Rh3 a3 35. bxa3 bxa3 36. Rg3 Qd8 37. Rgg1 Rb6 38. Qd3 Qc7 39. Rxa3 Rxa3 40. Qxa3 h6 41. Ra1 Kh7 42. Qa8 Rb2 43. Kg2 Ng4 44. Bxg4 fxg4 45. Qe4+ 1-0

[Event "December 12 Early 2023"]
[Site "https://www.chess.com"]
[Date "2023.12.12"]
[Round "2"]
[White "Kolmagorov, Alexey"]
[Black "Ambartsumova, Karina"]
[Result "0-1"]
[Board "112"]
[TimeControl "180+1"]
[WhiteFideId "34129402"]
[BlackFideId "4166299"]
[WhiteElo "2381"]
[BlackElo "2662"]
[WhiteTeam "RUS"]
[BlackTeam "RUS"]
[WhiteClock "0:00:00"]
[BlackClock "0:00:16"]

1. d4 Nf6 2. c4 e6 3. g3 d5 4. Bg2 dxc4 5. Qa4+ c6 6. Qxc4 b5 7. Qc2 Bb7 8. Nf3 Be7 9. Nbd2 Nbd7 10. Nb3 O-O 11. Bd2 a5 12. a4 b4 13. O-O Qb6 14. Rfc1 Rfd8 15. Nc5 Nxc5 16. dxc5 Qa6 17. Bf1 Qa7 18. e4 Ba6 19. Ne5 Rac8 20. Be3 Bxf1 21. Rxf1 b3 22. Qc4 Qb7 23. Rfd1 Rb8 24. f3 Qc7 25. Qc3 Ne8 26. Bf4 Bf6 27. Nc4 Bxc3 28. Bxc7 Bd4+ 29. Rxd4 Rxd4 30. Bxb8 Rxc4 31. Bd6 Rc2 32. Rb1 f6 33. h4 Kf7 34. Rd1 Rxb2 35. Bb8 Rc2 36. Rd7+ Kg6 37. Rb7 b2 0-1

[Event "December 12 Early 2023"]
[Site "https://www.chess.com"]
[Date "2023.12.12"]
[Round "2"]
[White "Ingebretsen, Jens E"]
[Black "Barath1308"]
[Result "1-0"]
[Board "113"]
[TimeControl "180+1"]
[WhiteFideId "1522965"]
[WhiteElo "2612"]
[BlackElo "2379"]
[WhiteTeam "NOR"]
[WhiteClock "0:01:27"]
[BlackClock "0:00:47"]

1. d4 Nf6 2. Bg5 d5 3. Bxf6 exf6 4. Nf3 Bd6 5. e3 O-O 6. Bd3 Nd7 7. Nbd2 Re8 8. Nf1 Nf8 9. Ng3 Ng6 10. Nf5 Nf4 11. O-O Nxd3 12. Qxd3 Bxf5 13. Qxf5 g6 14. Qd3 f5 15. c4 dxc4 16. Qxc4 c6 17. Rfd1 Qf6 18. b4 Rac8 19. a4 Qe6 20. Qxe6 fxe6 21. Rab1 h6 22. Nd2 Kf7 23. Nc4 Bb8 24. f4 g5 25. g3 Red8 26. Kf2 Rd5 27. Ke2 Rh8 28. a5 a6 29. Nb6 Rb5 30. Kd3 Bd6 31. Kc4 Bc7 32. Nd7 Bd6 33. Nc5 g4 34. Re1 h5 35. e4 fxe4 36. Rxe4 Bxc5 37. dxc5 Rd8 38. Rbe1 Rd2 39. R4e2 Rxe2 40. Rxe2 Kf6 41. Re5 h4 42. gxh4 b6 43. cxb6 Rxe5 44. fxe5+ Kxe5 45. b7 1-0

[Event "December 12 Early 2023"]
[Site "https://www.chess.com"]
[Date "2023.12.12"]
[Round "2"]
[White "Koridze, Lile"]
[Black "Tao, Sihan"]
[Result "1/2-1/2"]
[Board "114"]
[TimeControl "180+1"]
[WhiteFideId "13612514"]
[BlackFideId "30982677"]
[WhiteElo "2373"]
[BlackElo "2605"]
[WhiteTeam "GEO"]
[BlackTeam "USA"]
[WhiteClock "0:00:06"]
[BlackClock "0:00:19"]

1. d4 Nf6 2. c4 e6 3. Nf3 d5 4. g3 Be7 5. Bg2 O-O 6. O-O dxc4 7. Qc2 a6 8. Qxc4 b5 9. Qc2 Bb7 10. a3 Be4 11. Qd1 c5 12. Nc3 Bb7 13. dxc5 Bxc5 14. Bg5 h6 15. Bxf6 Qxf6 16. Qc2 Rc8 17. Ng5 Nc6 18. Nge4 Qe7 19. Nxc5 Qxc5 20. Qd2 Na5 21. Bxb7 Nxb7 22. Rad1 Rd8 23. Qf4 Nd6 24. e4 Nc4 25. Rc1 Qe5 26. Qxe5 Nxe5 27. Rcd1 Rac8 28. Kg2 Nc4 29. Rxd8+ Rxd8 30. Rd1 Rxd1 31. Nxd1 Kf8 32. Kf3 Ke7 33. Ke2 Kd6 34. f4 f5 35. Kd3 g6 36. exf5 exf5 37. Kd4 Na5 38. Kc3 Nc6 39. Kd3 Kc5 40. Ne3 Nd4 41. Nf1 Ne6 42. Ne3 Kd6 43. Nc2 Nc5+ 44. Kd2 Kd5 45. Nb4+ Ke4 46. Ke2 g5 47. fxg5 hxg5 48. Kf2 f4 49. gxf4 Kxf4 50. Nd5+ Kg4 51. Nf6+ Kh3 52. Kg1 Nd3 53. Ne4 Nxb2 54. Nxg5+ Kg4 55. Ne6 Nc4 56. Nc7 Nxa3 57. Nxa6 Kf4 58. Kf2 Nc2 59. Ke2 Nd4+ 60. Kd3 Nf3 61. Kc3 Nxh2 62. Kb4 Ng4 63. Kxb5 1/2-1/2

[Event "December 12 Early 2023"]
[Site "https://www.chess.com"]
[Date "2023.12.12"]
[Round "2"]
[White "Vlassov, Nikolai"]
[Black "Chlpik, Martin"]
[Result "1-0"]
[Board "115"]
[TimeControl "180+1"]
[WhiteFideId "4103360"]
[BlackFideId "14923351"]
[WhiteElo "2597"]
[BlackElo "2332"]
[WhiteTeam "FID"]
[BlackTeam "SVK"]
[WhiteClock "0:00:07"]
[BlackClock "0:00:00"]

1. e4 c5 2. c3 e6 3. d4 d5 4. e5 Bd7 5. Nf3 Qb6 6. a3 Bb5 7. c4 dxc4 8. d5 Nd7 9. Nc3 O-O-O 10. a4 Ba6 11. a5 Qc7 12. d6 Qc6 13. Bf4 f6 14. Qa4 Qxa4 15. Rxa4 g5 16. Bg3 g4 17. Nd2 Nxe5 18. Bxe5 fxe5 19. Nxc4 Bxd6 20. Ne4 Bc7 21. Nxc5 Bb5 22. Ra1 Rd4 23. Ne3 Bxf1 24. Rxf1 Nf6 25. Nxe6 Re8 26. Nxc7 Kxc7 27. Ke2 Red8 28. Rac1+ Kb8 29. Rfd1 Rxd1 30. Rxd1 Rxd1 31. Kxd1 Kc7 32. Nc4 Nd7 33. Kd2 Kc6 34. Kc3 Kd5 35. b4 h5 36. Kd3 Nf8 37. Ne3+ Ke6 38. Kc4 Ng6 39. g3 Nf8 40. b5 Nh7 41. Kc5 Ng5 42. a6 Ne4+ 43. Kc4 b6 44. Nd1 Nd2+ 45. Kd3 Nf3 46. Nc3 Nxh2 47. Na4 Kd5 48. Nxb6+ Kc5 49. Nc8 Kxb5 50. Nxa7+ Kxa6 51. Nc6 Nf3 52. Ke4 h4 53. gxh4 Nxh4 54. Nxe5 Kb6 55. Nxg4 Kc6 56. Ke5 Kd7 57. Kf6 Nf3 58. Ne5+ Nxe5 59. Kxe5 1-0

[Event "December 12 Early 2023"]
[Site "https://www.chess.com"]
[Date "2023.12.12"]
[Round "2"]
[White "Silva, Pedro Gil Ferreira Da"]
[Black "Spata, German"]
[Result "0-1"]
[Board "116"]
[TimeControl "180+1"]
[WhiteFideId "1946102"]
[BlackFideId "113026"]
[WhiteElo "2324"]
[BlackElo "2594"]
[WhiteTeam "POR"]
[BlackTeam "ARG"]
[WhiteClock "0:01:43"]
[BlackClock "0:00:57"]

1. c4 e6 2. Nf3 Nf6 3. g3 b6 4. Bg2 Bb7 5. O-O Be7 6. b3 O-O 7. Bb2 c5 8. d4 cxd4 9. Bxd4 d6 10. Bb2 Nbd7 11. Nc3 a6 12. Qd2 Qc7 13. Rfd1 Rfe8 14. Rac1 Rac8 15. Nh4 Bf8 16. Bxb7 Qxb7 17. Nf3 b5 18. cxb5 axb5 19. Nd4 b4 20. Na4 d5 21. Rxc8 Rxc8 22. Rc1 Ne4 23. Qd1 Ndc5 24. Nxc5 Bxc5 25. e3 h6 26. Qg4 Bf8 27. Rxc8 Qxc8 28. Qe2 Qa8 29. f3 Nc3 30. Bxc3 bxc3 31. Qc2 Qa5 32. a4 e5 33. Nc6 Qc5 34. Nd8 Qxe3+ 35. Kg2 Qd2+ 0-1

[Event "December 12 Early 2023"]
[Site "https://www.chess.com"]
[Date "2023.12.12"]
[Round "2"]
[White "Jaiveer Mahendru"]
[Black "Botea, David-Alexandru"]
[Result "1/2-1/2"]
[Board "117"]
[TimeControl "180+1"]
[WhiteFideId "25611151"]
[BlackFideId "1263293"]
[WhiteElo "2584"]
[BlackElo "2324"]
[WhiteTeam "IND"]
[BlackTeam "ROU"]
[WhiteClock "0:00:15"]
[BlackClock "0:00:09"]

1. f4 Nf6 2. Nf3 d5 3. g3 e6 4. Bg2 c5 5. O-O b5 6. d3 Qb6 7. Qe1 Nc6 8. e4 c4+ 9. Kh1 Be7 10. Ne5 dxe4 11. Nxc6 Qxc6 12. dxe4 O-O 13. e5 Nd5 14. Nc3 Bb7 15. Nxd5 exd5 16. f5 f6 17. e6 Rfe8 18. Bf4 Bc5 19. Rd1 Rad8 20. Qe2 Qb6 21. g4 d4 22. Bxb7 Qxb7+ 23. Qg2 Qxg2+ 24. Kxg2 d3 25. cxd3 Rxd3 26. Rxd3 cxd3 27. Rd1 Rd8 28. Kf3 Kf8 29. Be3 Bb4 30. Bxa7 d2 31. a3 Ra8 32. Be3 Be7 33. Rxd2 b4 34. axb4 Bxb4 35. Rd7 Be7 36. Rb7 g6 37. Bh6+ Ke8 38. Be3 gxf5 39. gxf5 Kf8 40. Bh6+ Ke8 41. Bf4 Kf8 42. Kg4 Ra4 43. Rb8+ Kg7 44. Re8 Bd6 45. Rd8 Rxf4+ 46. Kh3 Bf8 47. Rd7+ Kg8 48. e7 Bxe7 49. Rxe7 Rb4 50. Re2 Kg7 51. Rf2 Kh6 52. Kg3 Kg5 53. Kh3 h5 54. Kg3 h4+ 55. Kh3 Rb3+ 56. Kg2 Kg4 57. Rc2 Kxf5 58. Kf2 Kg5 59. Kg2 f5 60. Rf2 Kg4 61. Rc2 f4 62. Rf2 h3+ 63. Kf1 f3 64. Ke1 Kf4 65. Rc2 Ke4 66. Kf2 Kf4 67. Rc4+ Kf5 68. Rc5+ Ke4 69. Rc2 Kd3 70. Rc3+ Rxc3 71. bxc3 Kxc3 72. Kxf3 Kd4 73. Kg3 Ke5 74. Kxh3 Kf6 75. Kg4 Kg7 76. Kg5 Kh8 77. h4 Kg8 78. h5 Kh8 79. h6 Kg8 80. h7+ Kh8 81. Kg6 1/2-1/2

[Event "December 12 Early 2023"]
[Site "https://www.chess.com"]
[Date "2023.12.12"]
[Round "2"]
[White "Ginzburg, Yakov"]
[Black "Rose, Felix"]
[Result "0-1"]
[Board "118"]
[TimeControl "180+1"]
[WhiteFideId "4157176"]
[BlackFideId "5105722"]
[WhiteElo "2563"]
[BlackElo "2306"]
[WhiteTeam "RUS"]
[BlackTeam "MEX"]
[WhiteClock "0:00:04"]
[BlackClock "0:00:05"]

1. d4 d5 2. c4 e6 3. g3 Nf6 4. Bg2 dxc4 5. Nf3 a6 6. Ne5 Bb4+ 7. Nc3 c5 8. Be3 Nd5 9. Bd2 Bxc3 10. bxc3 cxd4 11. cxd4 c3 12. Bc1 O-O 13. O-O Nc6 14. Nxc6 bxc6 15. e4 Nf6 16. Ba3 Re8 17. Bb4 c2 18. Qd2 e5 19. dxe5 Qxd2 20. Bxd2 Rxe5 21. Rac1 Nxe4 22. Bf4 Re6 23. Rxc2 Bd7 24. Rd1 Be8 25. Bh3 Re7 26. f3 Nf6 27. Kf2 Nd5 28. Bd6 Rb7 29. Re1 g6 30. Rce2 Bd7 31. g4 Kg7 32. Bg2 h5 33. h3 hxg4 34. fxg4 Be6 35. g5 Rd8 36. Be5+ Kg8 37. Rc2 Rbd7 38. Rxc6 Nb4 39. Rb6 Nd3+ 40. Kf1 Nxe1 41. Kxe1 Rd1+ 42. Kf2 R1d2+ 43. Kg3 Rxa2 44. Bf6 Rc8 45. Bc6 Rc2 46. Bb7 Rb8 47. Rxa6 Rxb7 48. Rd6 Rc8 49. Kf4 Rb4+ 50. Ke5 Rc5+ 51. Rd5 Rxd5# 0-1

[Event "December 12 Early 2023"]
[Site "https://www.chess.com"]
[Date "2023.12.12"]
[Round "2"]
[White "Batsiashvili, Nino"]
[Black "Santos, Rafael Ventura Dos"]
[Result "0-1"]
[Board "119"]
[TimeControl "180+1"]
[WhiteFideId "13602993"]
[BlackFideId "2122227"]
[WhiteElo "2533"]
[BlackElo "2265"]
[WhiteTeam "GEO"]
[BlackTeam "BRA"]
[WhiteClock "0:00:02"]
[BlackClock "0:00:19"]

1. b3 d6 2. Bb2 Nd7 3. f4 Ngf6 4. Nf3 g6 5. c4 Bg7 6. Nc3 O-O 7. e3 Ne4 8. Qc2 Nxc3 9. Bxc3 Bxc3 10. Qxc3 b6 11. Bd3 Bb7 12. O-O c5 13. f5 Nf6 14. fxg6 fxg6 15. Ng5 Qd7 16. Rf4 e5 17. Rff1 Rae8 18. h3 Qc6 19. Rf2 Nh5 20. Rxf8+ Rxf8 21. Be4 Qc8 22. Qd3 Bxe4 23. Qxe4 Qa8 24. Qxa8 Rxa8 25. Ne4 Rd8 26. g4 Ng7 27. Rf1 Ne8 28. Kf2 d5 29. cxd5 Rxd5 30. Ke2 Kg7 31. g5 Nc7 32. h4 Rd8 33. Rf6 Rd7 34. Rc6 Nd5 35. Rc8 h6 36. Re8 Re7 37. Rd8 Nc7 38. Nf6 hxg5 39. hxg5 Kf7 40. Kf3 Ke6 41. Ke4 Nb5 42. Rg8 Nd6+ 43. Kf3 Kf5 44. e4+ Kxg5 45. Rxg6+ Kxg6 46. Nd5 Rf7+ 47. Ke3 Nb5 48. d3 Nd4 49. a4 Rf3+ 50. Kd2 Rh3 51. Kc3 Rh1 52. b4 Ra1 53. bxc5 bxc5 54. Kc4 Ne6 55. Kb5 a6+ 56. Kxa6 Rxa4+ 57. Kb6 Rd4 58. Kc6 Rxd3 59. Kd6 Kf7 60. Kxe5 c4 61. Nb4 Rd2 62. Nd5 Nd8 63. Ne3 c3 64. Nf5 c2 65. Nh6+ Kg6 0-1

[Event "December 12 Early 2023"]
[Site "https://www.chess.com"]
[Date "2023.12.12"]
[Round "2"]
[White "Silva Lucena, Cristian"]
[Black "MasterofMasters2006"]
[Result "1-0"]
[Board "120"]
[TimeControl "180+1"]
[WhiteFideId "2232588"]
[WhiteElo "2531"]
[BlackElo "2068"]
[WhiteTeam "ESP"]
[WhiteClock "0:01:22"]
[BlackClock "0:00:13"]

1. d4 Nf6 2. c4 e6 3. Nc3 Bb4 4. e3 O-O 5. Ne2 d5 6. a3 Be7 7. cxd5 Nxd5 8. Nf4 Nxf4 9. exf4 c5 10. dxc5 Qxd1+ 11. Nxd1 Bxc5 12. Be3 Nd7 13. Bb5 Be7 14. Nc3 a6 15. Bc4 Bf6 16. O-O b5 17. Be2 Bb7 18. Rfd1 Rfd8 19. Rac1 Rac8 20. g4 g6 21. g5 Bg7 22. h4 e5 23. h5 exf4 24. Bxf4 Nc5 25. hxg6 hxg6 26. Bg4 Ra8 27. Bc7 Rxd1+ 28. Rxd1 Bxc3 29. bxc3 Re8 30. Bb6 Ne4 31. Bd4 Nxg5 32. Bf6 Nf3+ 33. Bxf3 Bxf3 34. Rd6 a5 35. Rb6 Be2 36. Kg2 a4 37. Kg3 Bc4 38. Kf4 Kh7 39. Bd4 Kh6 40. f3 Kh5 41. Rb7 g5+ 42. Kg3 Kg6 43. Rb6+ Re6 44. Rb8 f5 45. Rg8+ Kf7 46. Rxg5 Bd3 47. Kf4 Re1 48. Rg7+ Ke6 49. Rg8 Ra1 50. Bc5 Rc1 51. Bb4 Kd5 52. Rd8+ Kc4 53. Rd4+ Kb3 54. Rxd3 1-0

[Event "December 12 Early 2023"]
[Site "https://www.chess.com"]
[Date "2023.12.12"]
[Round "2"]
[White "Makarian, Rudik"]
[Black "NastyaHn"]
[Result "1-0"]
[Board "121"]
[TimeControl "180+1"]
[WhiteFideId "44105681"]
[WhiteElo "2931"]
[BlackElo "2232"]
[WhiteTeam "FID"]
[WhiteClock "0:01:40"]
[BlackClock "0:00:00"]

1. Nf3 Nf6 2. c4 c6 3. Nc3 d5 4. d4 g6 5. g3 Bg7 6. cxd5 cxd5 7. Bg2 O-O 8. O-O Ne4 9. Bf4 Nc6 10. e3 Bg4 11. h3 Bxf3 12. Bxf3 Nxc3 13. bxc3 e6 14. e4 dxe4 15. Bxe4 Rc8 16. Qa4 a6 17. Rac1 Qe7 18. Rfd1 Rfd8 19. h4 e5 20. Bg5 Bf6 21. d5 Nb8 22. Be3 Qd6 23. c4 Nd7 24. Bg2 Nc5 25. Qb4 Be7 26. Rb1 Rd7 27. Qb6 Rdc7 28. Qxd6 Bxd6 29. Rb6 Rd8 30. Rdb1 Na4 31. Rxb7 Rxc4 32. Bg5 Rf8 33. Rd7 Bc5 34. Bh6 Re8 35. d6 Nb6 36. Rxb6 1-0

[Event "December 12 Early 2023"]
[Site "https://www.chess.com"]
[Date "2023.12.12"]
[Round "2"]
[White "Osinovsky, Stepan"]
[Black "Maksimovic, Bojan"]
[Result "0-1"]
[Board "122"]
[TimeControl "180+1"]
[WhiteFideId "4157354"]
[BlackFideId "14408120"]
[WhiteElo "2414"]
[BlackElo "2904"]
[WhiteTeam "RUS"]
[BlackTeam "BIH"]
[WhiteClock "0:00:00"]
[BlackClock "0:01:14"]

1. e4 a6 2. g3 d5 3. Bg2 dxe4 4. Nc3 Nf6 5. Nxe4 Nxe4 6. Bxe4 e5 7. Nf3 Bd6 8. d4 f5 9. dxe5 fxe4 10. exd6 exf3 11. Qxf3 Qxd6 12. O-O Qf6 13. Qb3 Qe6 14. Qa3 Kf7 15. Bf4 Re8 16. Bxc7 Nc6 17. Rae1 Qxe1 18. Rxe1 Rxe1+ 19. Kg2 Be6 20. Qf3+ Kg8 21. Qc3 Bd5+ 22. f3 Rae8 23. Bb6 R1e2+ 24. Bf2 Rf8 0-1

[Event "December 12 Early 2023"]
[Site "https://www.chess.com"]
[Date "2023.12.12"]
[Round "2"]
[White "Baskakov, Egor"]
[Black "Salinas Tomas, Daniel"]
[Result "1-0"]
[Board "123"]
[TimeControl "180+1"]
[WhiteFideId "24197866"]
[BlackFideId "24597716"]
[WhiteElo "2898"]
[BlackElo "2412"]
[WhiteTeam "RUS"]
[BlackTeam "ESP"]
[WhiteClock "0:00:08"]
[BlackClock "0:00:03"]

1. e4 c6 2. d4 d5 3. e5 Bf5 4. Ne2 e6 5. Ng3 Bg6 6. h4 h6 7. h5 Bh7 8. Bd3 Bxd3 9. cxd3 c5 10. dxc5 Bxc5 11. d4 Bb6 12. Nc3 Nc6 13. Be3 Nge7 14. Qg4 Kf8 15. O-O Na5 16. Rae1 Nc4 17. Bc1 Nc6 18. Nce2 f5 19. Nxf5 exf5 20. Qxf5+ Kg8 21. Qe6+ Kh7 22. b3 N4a5 23. Qg6+ Kg8 24. Qe6+ Kh7 25. Bxh6 Qe8 26. Qxe8 Rhxe8 27. Be3 Rac8 28. Rd1 Nb4 29. Rd2 Rc6 30. Nf4 Bd8 31. Ng6 Rc2 32. Rfd1 Rxa2 33. f4 Rxd2 34. Rxd2 Nbc6 35. Rd3 Nb4 36. Rd2 Bb6 37. Bf2 Nbc6 38. Rd3 Nb4 39. Rf3 Nac6 40. Nh4 Bxd4 41. g4 Bxf2+ 42. Kxf2 d4 43. g5 d3 44. g6+ Kg8 45. Ke3 Rd8 46. Kd2 Nd4 47. Rf1 Nxb3+ 48. Kc3 d2 49. Kxb3 Nd3 50. Nf3 Nf2 51. Nxd2 Rxd2 52. f5 Ne4 53. f6 gxf6 54. exf6 Rd8 55. f7+ Kg7 56. h6+ Kxg6 57. f8=Q Rxf8 58. Rxf8 Kxh6 59. Rf4 Nd6 60. Rf6+ 1-0

[Event "December 12 Early 2023"]
[Site "https://www.chess.com"]
[Date "2023.12.12"]
[Round "2"]
[White "Finek, Vaclav"]
[Black "Batbold, Nyamsuren"]
[Result "1-0"]
[Board "124"]
[TimeControl "180+1"]
[WhiteFideId "23718293"]
[BlackFideId "4903331"]
[WhiteElo "2832"]
[BlackElo "2411"]
[WhiteTeam "CZE"]
[BlackTeam "MGL"]
[WhiteClock "0:01:33"]
[BlackClock "0:01:18"]

1. Nf3 Nf6 2. g3 d5 3. Bg2 Bg4 4. O-O c6 5. h3 Bh5 6. d3 Nbd7 7. Qe1 e6 8. Nfd2 Be7 9. f4 Bg6 10. e4 dxe4 11. dxe4 h6 12. Nc3 O-O 13. g4 Nc5 14. Kh1 Re8 15. Qe2 h5 16. g5 Nfd7 17. h4 f5 18. e5 Nb6 19. Nb3 Qc7 20. Be3 Ne4 21. Nxe4 fxe4 22. Nd4 Bf8 23. Bh3 Qf7 24. c4 Bf5 25. Nxf5 exf5 26. b3 g6 27. Rfd1 Rad8 28. Qc2 Na8 29. Bf1 b6 30. c5 b5 31. a4 a6 32. axb5 axb5 33. Ra6 Qe6 34. Bxb5 Rc8 35. Bc4 1-0

[Event "December 12 Early 2023"]
[Site "https://www.chess.com"]
[Date "2023.12.12"]
[Round "2"]
[White "Bach Ngoc Thuy Duong"]
[Black "Koelle, Tobias"]
[Result "0-1"]
[Board "125"]
[TimeControl "180+1"]
[WhiteFideId "12408956"]
[BlackFideId "16207378"]
[WhiteElo "2411"]
[BlackElo "2820"]
[WhiteTeam "VIE"]
[BlackTeam "GER"]
[WhiteClock "0:00:00"]
[BlackClock "0:01:10"]

1. d4 d6 2. c4 e5 3. Nf3 e4 4. Ng5 Nf6 5. g3 h6 6. Nh3 Nc6 7. Bg2 Bf5 8. Nc3 g5 9. a3 Qd7 10. Ng1 Bg7 11. h3 Bg6 12. e3 Ne7 13. Nge2 c6 14. O-O d5 15. c5 Bf5 16. Kh2 h5 17. f3 exf3 18. Rxf3 Ng4+ 19. Kg1 Be6 20. hxg4 hxg4 21. Rf1 O-O-O 22. b4 Bf5 23. b5 Qe6 24. bxc6 Nxc6 25. Rb1 Bxb1 26. Nxb1 Rh5 27. Nbc3 Rdh8 28. Kf2 Rh2 29. Kg1 Ne7 30. Qe1 Qh6 0-1

[Event "December 12 Early 2023"]
[Site "https://www.chess.com"]
[Date "2023.12.12"]
[Round "2"]
[White "Brodsky, David"]
[Black "Marchesich, Giovanni"]
[Result "1-0"]
[Board "126"]
[TimeControl "180+1"]
[WhiteFideId "2073250"]
[BlackFideId "2824790"]
[WhiteElo "2817"]
[BlackElo "2411"]
[WhiteTeam "USA"]
[BlackTeam "ITA"]
[WhiteClock "0:00:36"]
[BlackClock "0:01:37"]

1. d4 Nf6 2. Nf3 c5 3. d5 b5 4. Bg5 Qb6 5. a4 b4 6. e3 g6 7. a5 Qd8 8. Bxf6 exf6 9. Nbd2 Bg7 10. Nc4 O-O 11. Be2 d6 12. O-O Ba6 13. c3 f5 14. cxb4 cxb4 15. Qb3 Nd7 16. Qxb4 Rb8 17. Qxd6 Bxb2 18. Qxa6 Bxa1 19. Rxa1 Nc5 20. Qd6 Qc8 21. Nce5 Ne4 22. Qc6 Qd8 23. h3 Rc8 24. Qd7 Qf6 25. Qxa7 Rfe8 26. Qd4 Rc2 27. Bd3 Rxf2 28. Bxe4 fxe4 29. Kxf2 exf3 30. Nxf3 Qd6 31. a6 Rb8 32. a7 Ra8 1-0

[Event "December 12 Early 2023"]
[Site "https://www.chess.com"]
[Date "2023.12.12"]
[Round "2"]
[White "Klukin, Kirill"]
[Black "yaguigor"]
[Result "1-0"]
[Board "127"]
[TimeControl "180+1"]
[WhiteFideId "24199273"]
[WhiteElo "2800"]
[BlackElo "2411"]
[WhiteTeam "RUS"]
[WhiteClock "0:00:02"]
[BlackClock "0:00:00"]

1. d4 d5 2. c4 c6 3. Nc3 Nf6 4. Nf3 e6 5. e3 Nbd7 6. Qc2 Bd6 7. Bd3 O-O 8. O-O dxc4 9. Bxc4 b5 10. Be2 a6 11. Rd1 Qc7 12. e4 e5 13. dxe5 Nxe5 14. Nd4 Rd8 15. Bg5 Bc5 16. Ncxb5 cxb5 17. Rac1 Nc4 18. Bxc4 Rxd4 19. Rxd4 Bxd4 20. Qd2 bxc4 21. Qxd4 Be6 22. Bxf6 gxf6 23. Qxf6 Qd8 24. Qf4 Rb8 25. h3 Rxb2 26. Rc3 Rb1+ 27. Kh2 Qb8 28. Rg3+ Kf8 29. e5 Re1 30. Qh6+ Ke7 31. Qh4+ Kd7 32. Qd4+ Kc6 33. f4 Qc7 34. Ra3 Kb7 35. Qc3 Rd1 36. Ra4 Rd3 37. Rb4+ Kc8 38. Qb2 Kd7 39. Qe2 Qc5 40. Rb7+ Kc8 41. Qb2 Qc6 42. Rb8+ Kc7 43. Rf8 1-0

[Event "December 12 Early 2023"]
[Site "https://www.chess.com"]
[Date "2023.12.12"]
[Round "2"]
[White "Karthik, Advaith"]
[Black "Korchmar, Vasiliy"]
[Result "0-1"]
[Board "128"]
[TimeControl "180+1"]
[WhiteFideId "30946050"]
[BlackFideId "24131750"]
[WhiteElo "2410"]
[BlackElo "2793"]
[WhiteTeam "USA"]
[BlackTeam "RUS"]
[WhiteClock "0:01:34"]
[BlackClock "0:02:04"]

1. d4 Nf6 2. c4 e6 3. Nc3 d5 4. cxd5 exd5 5. Bg5 c6 6. e3 h6 7. Bh4 Be7 8. Bd3 Nbd7 9. Nf3 Nf8 10. h3 Ne6 11. a3 O-O 12. b4 a5 13. b5 c5 14. dxc5 Nxc5 15. O-O Be6 16. Nd4 Rc8 17. a4 Nxd3 18. Qxd3 Rc4 19. Rfc1 Qd7 20. Bxf6 Bxf6 21. Ne4 Rxc1+ 0-1

[Event "December 12 Early 2023"]
[Site "https://www.chess.com"]
[Date "2023.12.12"]
[Round "2"]
[White "Javakhadze, Zurab"]
[Black "Donskov, Anatoly"]
[Result "1-0"]
[Board "129"]
[TimeControl "180+1"]
[WhiteFideId "13603647"]
[BlackFideId "24143413"]
[WhiteElo "2778"]
[BlackElo "2407"]
[WhiteTeam "GEO"]
[BlackTeam "RUS"]
[WhiteClock "0:00:06"]
[BlackClock "0:00:03"]

1. d4 d6 2. Nf3 g6 3. e4 c6 4. Nc3 Bg7 5. a4 Nf6 6. Be2 O-O 7. O-O Nbd7 8. h3 Qc7 9. Be3 b6 10. Qd2 Re8 11. Bc4 a6 12. Rfe1 Bb7 13. e5 Nd5 14. Bh6 Nxc3 15. Bxf7+ Kxf7 16. Ng5+ Kg8 17. Bxg7 e6 18. Qf4 Nf8 19. Bxf8 Rxf8 20. Qg4 Nd5 21. Nxe6 Qd7 22. Nxf8 Qxg4 23. hxg4 Rxf8 24. exd6 Rd8 25. c4 Nb4 26. Re7 Bc8 27. c5 Bxg4 28. Rae1 Nd5 29. Re8+ Rxe8 30. Rxe8+ Kf7 31. Re5 bxc5 32. dxc5 Bc8 33. f3 h5 34. Kf2 Be6 35. Ke1 Nf4 36. Kd2 Nxg2 37. b4 Nf4 38. b5 axb5 39. axb5 cxb5 40. c6 Nd5 41. d7 Nb6 42. d8=Q Nc4+ 43. Kc3 Nxe5 44. Qc7+ Kf6 45. f4 b4+ 46. Kxb4 Nd3+ 47. Kc3 Nf2 48. Qe5+ Kf7 49. c7 Ng4 50. Qd6 Nf6 51. Kb2 Ne4 52. Qd8 Nc5 53. c8=Q Bxc8 54. Qxc8 Ne6 55. Qd7+ Kf6 56. Qd6 Kf5 57. Qe5+ Kg4 58. Qxe6+ Kxf4 59. Qxg6 h4 60. Kc2 h3 61. Kd2 h2 62. Qg2 1-0